 Dungeon Crawl Stone Soup version 0.24-a0-702-gaeb99fb (webtiles) character file.

Game seed: 2105219026704792799, levelgen mode: deterministic

4792 silenth the Reanimator (level 10, -5/76 HPs)
             Began as a Mummy Necromancer on Sept 29, 2019.
             Was a Believer of Ashenzari.
             Slain by a two-headed ogre
             ... wielding a +0 giant spiked club
              (20 damage)
             ... on level 8 of the Dungeon.
             The game lasted 00:23:18 (9344 turns).

silenth the Reanimator (Mummy Necromancer)          Turns: 9344, Time: 00:23:19

Health: -5/76      AC: 15    Str: 12    XL:     10   Next: 24%
Magic:  11/23      EV: 10    Int: 21    God:    Ashenzari [**....]
Gold:   269        SH:  5    Dex: 12    Spells: 18/27 levels left

rFire    x . .     SeeInvis .   n - +4 mace of Strategic Superiority {speed, rC++ Int+3 Stlth-} (curse)
rCold    + + +     Gourm    .   b - +0 buckler (curse)
rNeg     + + +     Faith    .   j - +2 scale mail {MR+} (curse)
rPois    ∞         Spirit   .   (no helmet)
rElec    .         Reflect  .   p - +2 cloak (curse)
rCorr    .         Harm     .   f - +2 pair of gloves (curse)
MR       ++...                  (no boots)
Stlth    ..........             (no amulet)
HPRegen  0.22/turn              (no ring)
MPRegen  0.18/turn              (no ring)

@: studying Bows
A: no food or potions, fire vulnerability, cold resistance 1, negative energy
resistance 3, torment resistance, unbreathing
a: Curse Item, Scrying, Renounce Religion


You were on level 8 of the Dungeon.
You worshipped Ashenzari.
Ashenzari was pleased with you.
You were not hungry.

You visited 2 branches of the dungeon, and saw 9 of its levels.
You also visited: Ossuary.

You collected 405 gold pieces.
You spent 136 gold pieces at shops.

Inventory:

Hand Weapons
 d - a +2 mace of protection
 n - the cursed +4 mace of Strategic Superiority (weapon) {speed, rC++ Int+3 Stlth-}
   (You found it on level 4 of the Dungeon)

   Attacks with this weapon are significantly faster.
   It affects your intelligence (+3).
   It greatly protects you from cold.
   It makes you less stealthy.
   It has a curse placed upon it.
 o - a +4 quarterstaff of chaos
 t - a +3 dagger of electrocution
 D - a +1 morningstar of draining
Missiles
 q - 3 throwing nets (quivered)
Armour
 a - a +0 robe
 b - a cursed +0 buckler (worn)
 f - a cursed +2 pair of gloves (worn)
 j - a cursed +2 scale mail of magic resistance (worn)
 p - a cursed +2 cloak (worn)
 x - a +2 buckler
Magical Staves
 z - an uncursed staff of fire
Jewellery
 g - an uncursed amulet of harm
Wands
 v - a wand of enslavement (3)
 w - a wand of polymorph (9)
 y - a wand of paralysis (13)
Scrolls
 c - 6 scrolls of fog
 e - 3 scrolls of fear
 i - 3 scrolls of identify
 l - 2 scrolls of teleportation
 m - 2 scrolls of blinking
 r - 3 scrolls of remove curse
 s - a scroll of magic mapping
Books
 h - a manual of Bows


   Skills:
 + Level 6.0 Fighting
 + Level 2.1(3.9) Maces & Flails
 + Level 2.0(3.2) Armour
 + Level 2.7(4.0) Dodging
 - Level 1.5 Stealth
 - Level 4.1(5.5) Shields
 + Level 9.2 Spellcasting
 + Level 9.3 Necromancy
 - Level 3.0 Evocations


You had 18 spell levels left.
You knew the following spells:

 Your Spells              Type           Power        Failure   Level  Hunger
a - Pain                  Necr           ####         1%          1    N/A
b - Animate Skeleton      Necr           N/A          1%          1    N/A
c - Vampiric Draining     Necr           #####.....   2%          3    N/A
d - Animate Dead          Necr           N/A          8%          4    N/A

Your spell library contained the following spells:

 Spells                   Type           Power        Failure   Level  Hunger
 Freeze                   Ice            #...         34%         1    N/A
 Magic Dart               Conj           #...         34%         1    N/A
 Summon Small Mammal      Summ           #...         34%         1    N/A
 Call Imp                 Summ           #.......     45%         2    N/A
 Searing Ray              Conj           #.....       45%         2    N/A
 Throw Frost              Conj/Ice       #.....       45%         2    N/A
 Call Canine Familiar     Summ           #.......     71%         3    N/A
 Dazzling Spray           Conj/Hex       #.....       71%         3    N/A
 Ozocubu's Armour         Chrm/Ice       #.......     71%         3    N/A
 Summon Guardian Golem    Hex/Summ       #.......     71%         3    N/A
 Force Lance              Conj/Tloc      #.......     98%         4    N/A
 Fulminant Prism          Conj/Hex       #.........   98%         4    N/A
 Iskenderun's Mystic Bla  Conj           #.......     98%         4    N/A
 Summon Ice Beast         Ice/Summ       #.......     98%         4    N/A
 Summon Lightning Spire   Summ/Air       #.......     98%         4    N/A
 Throw Icicle             Conj/Ice       #.......     98%         4    N/A
 Regeneration             Chrm/Necr      Unusable     N/A         3    N/A

Dungeon Overview and Level Annotations

Branches:
Dungeon (8/15)             Temple (1/1) D:4            Lair (0/6) D:8
Ossuary (visited)

Altars:
Ashenzari
Cheibriados
Dithmenos
Elyvilon
Fedhas
Gozag
Hepliaklqana
Kikubaaqudgha
Makhleb
Nemelex Xobeh
Okawaru
Qazlal
Ru
Sif Muna
Trog
Uskayaw
Vehumet
Wu Jian
Xom
Yredelemnul
Zin
The Shining One

Shops:
D:5 ?:(}:   D:7 ?


Innate Abilities, Weirdness & Mutations

You do not eat or drink.
Your flesh is vulnerable to fire.
You are immune to poison.
Your flesh is cold resistant. (rC+)
You are immune to negative energy. (rN+++)
You are immune to unholy pain and torment.
You can survive without breathing.


Message History

The two-headed ogre hits you with a +0 giant spiked club!
The two-headed ogre hits you with a +0 giant club!
Casting: Pain (safe; 1% risk of failure)
Confirm with . or Enter, or press ? or * to list all spells.
Aiming: Vampiric Draining (safe; 2% risk of failure)
Press: ? - help, Shift-Dir - straight line, f/p - two-headed ogre
Aim: a two-headed ogre, wielding a +0 giant spiked club and a +0 giant club (moderately wounded)
The two-headed ogre is heavily wounded.
You feel life coursing into your body.
Casting: Vampiric Draining (safe; 2% risk of failure)
Confirm with . or Enter, or press ? or * to list all spells.
Aiming: Vampiric Draining (safe; 2% risk of failure)
Press: ? - help, Shift-Dir - straight line, f/p - two-headed ogre
Aim: a two-headed ogre, wielding a +0 giant spiked club and a +0 giant club (heavily wounded)
The two-headed ogre is severely wounded.
You feel life coursing into your body.
The two-headed ogre hits you with a +0 giant spiked club!!
* * * LOW HITPOINT WARNING * * *
The two-headed ogre hits you with a +0 giant club!!
You die...

░░.......░░░...°RZ.░░ ░..░░..░░..
░░░░░.░░░░*░░░░.░░░░░░░░░.░░░░░..
........,,░░...,░..░░.....R.☼☼R..
.#^....#,,░.░.░░░.░.░..##..#####.
.##....*,,░..░...░..░..##+######.
.#*...#*,,░░░.....░.░..#.........
.##...#*,,,,░..8..░..).'.........
.....,###.░,░...O.░░░..#.........
....,,#...░..░..@░..░............
......#...░,░.░░░.░.░............
#####+#.<.░░.,░....░░.......####.
..........░░░░░.░░░░░.......#..#.
............................+..#.
....).........#.............#..#.
...........#..######........#'###
..)....##'##...#,,,#............#
###....#.......#,,,+............'


You could see a two-headed ogre.

Vanquished Creatures
  A two-headed ogre (D:8)
  A deep elf mage (D:8)
  2 hippogriffs
  A vampire (D:8)
  An orc warrior (D:8)
  An ice beast (D:8)
  An eye of draining (D:8)
  3 phantoms
  5 killer bees (D:8)
  5 ogres
  3 centaurs
  A big kobold (D:7)
  3 elf zombies (D:5)
  A bullfrog (D:8)
  4 scorpions
  A howler monkey (D:4)
  3 crimson imps
  A bullfrog zombie (D:5)
  A human zombie (D:5)
  A quasit (D:5)
  A jelly (D:8)
  A bullfrog skeleton (D:4)
  A gnoll shaman (D:4)
  Crazy Yiuf (D:4)
  An orc priest (D:8)
  3 hounds
  An iguana (D:7)
  A human skeleton (D:5)
  4 orc wizards
  7 worker ants
  9 big kobold zombies (Ossuary)
  A mummy (Ossuary)
  A howler monkey zombie (D:5)
  2 worker ant zombies
  8 gnolls
  8 adders
  A shadow imp (D:5)
  2 oozes
  A worm (D:4)
  A dart slug (D:3)
  8 leopard geckos
  28 orcs
  2 spectral bats (Ossuary)
  3 ball pythons
  10 bats
  4 giant cockroaches
  3 gnoll zombies (Ossuary)
  4 goblins
  7 hobgoblins
  16 jackals
  5 quokkas
  A bat simulacrum (Ossuary)
  6 frilled lizards
  2 goblin simulacra (Ossuary)
  5 goblin zombies (Ossuary)
  2 hobgoblin zombies (Ossuary)
  13 kobolds
  4 kobold simulacra (Ossuary)
  6 kobold zombies (Ossuary)
  6 orc zombies
  A quokka zombie (D:7)
  10 rats
  5 rat simulacra (Ossuary)
  3 spectral goblins (Ossuary)
  3 spectral kobolds (Ossuary)
  2 spectral rats (Ossuary)
254 creatures vanquished.

Vanquished Creatures (collateral kills)
  A hound (D:8)
  A bullfrog skeleton (D:8)
  A hound zombie (D:8)
  A hound skeleton (D:6)
  A worker ant zombie (D:8)
  An orc (D:7)
6 creatures vanquished.

Vanquished Creatures (others)
  A killer bee (D:8)
  A gnoll shaman (D:6)
2 creatures vanquished.

Grand Total: 262 creatures vanquished

Notes
Turn   | Place    | Note
-------+----------+-------------------------------------------
     0 | D:1      | silenth the Mummy Necromancer began the quest for the Orb.
     0 | D:1      | Reached XP level 1. HP: 13/13 MP: 4/4
     2 | D:1      | Learned a level 1 spell: Animate Skeleton
   111 | D:1      | Reached skill level 3 in Spellcasting
   111 | D:1      | Reached XP level 2. HP: 16/19 MP: 0/6
   484 | D:1      | Reached XP level 3. HP: 17/24 MP: 1/7
  1224 | D:2      | Reached skill level 5 in Necromancy
  1237 | D:2      | HP: 2/24 [gnoll/+0 flail (6)]
  1647 | D:2      | Reached XP level 4. HP: 26/30 MP: 3/9
  2146 | D:2      | Learned a level 3 spell: Vampiric Draining
  2513 | D:3      | Reached skill level 4 in Spellcasting
  2680 | D:3      | Reached XP level 5. HP: 30/35 MP: 4/11
  3516 | D:4      | Reached skill level 1 in Armour
  3516 | D:4      | Reached skill level 1 in Shields
  3614 | D:4      | Found a staircase to the Ecumenical Temple.
  3624 | Temple   | Entered the Ecumenical Temple
  3810 | Temple   | Became a worshipper of Ashenzari the Shackled
  3835 | D:4      | Found a runed translucent door.
  3839 | D:4      | Noticed Crazy Yiuf
  3842 | D:4      | Got the mace of Strategic Superiority {speed, rC++ Int+3
                  | Stlth-}
  3849 | D:4      | Killed Crazy Yiuf
  3849 | D:4      | Reached skill level 6 in Necromancy
  3849 | D:4      | Reached XP level 6. HP: 31/41 MP: 12/12
  3867 | D:4      | Identified the +4 mace of Strategic Superiority {speed,
                  | rC++ Int+3 Stlth-} (You found it on level 4 of the Dungeon)
  4103 | D:4      | Reached skill level 5 in Spellcasting
  4244 | D:4      | Reached skill level 2 in Armour
  4244 | D:4      | Reached XP level 7. HP: 46/46 MP: 14/14
  4285 | D:4      | Reached skill level 2 in Shields
  4681 | D:5      | Entered Level 5 of the Dungeon
  4742 | D:5      | Found Boosi's Antique Weapon Shoppe.
  4742 | D:5      | Found Waetruef's Book Shop.
  4748 | D:5      | Found Ufiulet's Gadget Emporium.
  4800 | D:5      | Found Woasox's Magic Scroll Boutique.
  4813 | D:5      | Reached skill level 1 in Fighting
  4813 | D:5      | Reached skill level 7 in Necromancy
  4825 | D:5      | Bought a scroll of blinking for 97 gold pieces
  4865 | D:5      | Found a burning altar of Makhleb.
  5021 | D:5      | Reached skill level 2 in Fighting
  5021 | D:5      | Reached skill level 6 in Spellcasting
  5025 | D:5      | Found a sand-covered staircase.
  5143 | Ossuary  | Entered an ossuary
  5153 | Ossuary  | Reached XP level 8. HP: 51/56 MP: 17/17
  5470 | Ossuary  | Reached skill level 3 in Shields
  5767 | D:5      | Reached skill level 3 in Fighting
  5941 | D:5      | Found Epuy's Book Emporium.
  6429 | D:6      | Reached skill level 7 in Spellcasting
  6693 | D:6      | Learned a level 4 spell: Animate Dead
  6883 | D:6      | Reached skill level 8 in Necromancy
  6898 | D:6      | Found a snail-covered altar of Cheibriados.
  6901 | D:6      | Found a hide-covered altar of Uskayaw.
  6901 | D:6      | Found a glowing golden altar of the Shining One.
  6903 | D:6      | Found an ornate altar of the Wu Jian Council.
  6903 | D:6      | Found a hazy altar of Hepliaklqana.
  6903 | D:6      | Found a shimmering altar of Xom.
  7119 | D:7      | Noticed a hippogriff
  7126 | D:7      | Killed a hippogriff
  7126 | D:7      | Reached skill level 4 in Fighting
  7126 | D:7      | Reached skill level 4 in Shields
  7126 | D:7      | Reached XP level 9. HP: 56/65 MP: 18/20
  7217 | D:7      | Reached * piety under Ashenzari
  7800 | D:7      | Found Yleoruth's Magic Scroll Emporium.
  7805 | D:7      | Bought a scroll of remove curse for 39 gold pieces
  7971 | D:8      | Found a staircase to the Lair.
  7998 | D:8      | Reached skill level 2 in Dodging
  8000 | D:8      | Reached skill level 8 in Spellcasting
  8000 | D:8      | Reached skill level 1 in Evocations
  8357 | D:8      | Reached skill level 5 in Fighting
  8659 | D:8      | Reached skill level 2 in Evocations
  8662 | D:8      | Reached ** piety under Ashenzari
  8770 | D:8      | Noticed a deep elf mage
  8775 | D:8      | Killed a deep elf mage
  8775 | D:8      | Reached skill level 1 in Maces & Flails
  8775 | D:8      | Reached skill level 9 in Necromancy
  8778 | D:8      | Noticed an efreet
  8892 | D:8      | Reached XP level 10. HP: 48/75 MP: 14/22
  8939 | D:8      | Noticed a two-headed ogre
  8950 | D:8      | Killed a two-headed ogre
  8950 | D:8      | Reached skill level 9 in Spellcasting
  9053 | D:8      | Reached skill level 2 in Maces & Flails
  9053 | D:8      | Reached skill level 3 in Evocations
  9119 | D:8      | Identified a scroll of acquirement
  9139 | D:8      | Reached skill level 6 in Fighting
  9335 | D:8      | Noticed a two-headed ogre
  9344 | D:8      | Slain by a two-headed ogre

Levels and vault maps discovered:
D:1:      lemuel_arrival_lava_pool, layout_rooms
D:2:      layout_loops_corners
D:3:      layout_basic, grunt_decor_arrowhead, minmay_fractal_squares_diagonal_5
D:4:      layout_loops_ring, minmay_temple_entry_glassed_door, first_ration,
          kennysheep_dice, uniq_crazy_yiuf_cottage
D:5:      layout_loops_ring, nicolae_ossuary_entry_catacombs, serial_shops,
          shop, nicolae_shop_trees, nicolae_shop_stone,
          nicolae_shop_window_shopping, shop, basic_altar, minmay_manual_moon
D:6:      layout_basic, doesnt_xom_only_xom, hex_tiny
D:7:      layout_cave_pools, serial_shops, nicolae_shop_crystal,
          hangedman_abyss_or_decor_lesser_grid
D:8:      minmay_the_grid_plus [minmay_the_grid_minigrid_medium,
          minmay_the_grid_spin_star, minmay_the_grid_holed_spiral,
          minmay_the_grid_x, minmay_the_grid_prize_inner_circle],
          layout_gridville, lair_entry_dummy
Temple:   minmay_crystal_snake_temple

Skill      XL: |  1  2  3  4  5  6  7  8  9 10 |
---------------+-------------------------------+-----
Spellcasting   | 3 4 5 6 7 8 9 |  9.2
Necromancy     | 5 6 7 8 9 |  9.3
Armour         | 1 2 |  2.0
Shields        | 1 2 4 |  4.1
Fighting       | 2 4 5 6 |  6.0
Dodging        | 2 |  2.7
Evocations     | 2 3 |  3.0
Maces & Flails | 1 2 |  2.1
Stealth        | |  1.5

Action                   |  1- 3 |  4- 6 |  7- 9 | 10-12 || total
-------------------------+-------+-------+-------+-------++-------
Melee: Whip              |     4 |       |       |       ||     4
       Mace              |    46 |    90 |   744 |    14 ||   894
 Cast: Pain              |    61 |    62 |    25 |    12 ||   160
       Vampiric Draining |       |       |    24 |    11 ||    35
       Animate Dead      |       |       |     7 |     2 ||     9
Invok: Curse Item        |       |     2 |     2 |       ||     4
Evoke: Wand              |       |       |    15 |     3 ||    18
  Use: Scroll            |       |       |    11 |     3 ||    14
Armor: Robe              |    41 |     5 |       |       ||    46
       Scale mail        |       |    52 |   350 |    20 ||   422
Dodge: Dodged            |    59 |    37 |   260 |    20 ||   376
Block: Buckler           |     5 |    15 |   136 |    12 ||   168

Table legend:
 A = Non-vault XP
 B = Vault XP
 C = Vault XP percentage of total XP
 D = Non-vault monster count
 E = Vault monster count
 F = Vault count percentage of total count
                 A         B        C        D         E       F
            +---------+---------+-------+---------+---------+-------
      Total |    4730 |    2116 |  30.9 |     178 |      83 |  31.8
            +---------+---------+-------+---------+---------+-------
        D:1 |      52 |       0 |   0.0 |      29 |       0 |   0.0
        D:2 |      69 |       0 |   0.0 |      30 |       0 |   0.0
        D:3 |      81 |      30 |  27.0 |      15 |       7 |  31.8
        D:4 |     605 |      50 |   7.6 |      13 |       3 |  18.8
        D:5 |     406 |     478 |  54.1 |      10 |       9 |  47.4
        D:6 |     384 |       0 |   0.0 |      24 |       0 |   0.0
        D:7 |     925 |       0 |   0.0 |      32 |       0 |   0.0
        D:8 |    2208 |    1265 |  36.4 |      25 |      11 |  30.6
    Ossuary |       0 |     293 | 100.0 |       0 |      53 | 100.0
            +---------+---------+-------+---------+---------+-------
